Match 45191308
Unlisted

Match 45191308
End
Kettenkrad Recon Vehicle
Construct Infanterie Kompanie
Selects Terror Battlegroup
Grenadier Squad
Grenadier Squad
MG 42 Machine Gun Team
Medical Station
Construct Panzergrenadier Kompanie
Selects Heavy Gunnery
Selects Contempt for the Weak
Pak 40 Anti-tank Gun Team
Panzergrenadier Squad
Support Elements
Pioneer Squad
StuG III G Assault Gun
Grenadier Squad
Pak 40 Anti-tank Gun Team
Nebelwerfer 42 Rocket Launcher Team
Selects Propaganda Leaflet Drop
Construct Panzer Kompanie
Selects V1 Rocket Strike
Sturmpanzer IV Brummbär
Panzer IV Medium Tank
MG 42 Machine Gun Team
Grenadier Squad
Pioneer Squad
V1 Rocket Strike
Sauzer88
=BIA=Decapsy
0
0

Comments sign in to comment!

No comments posted yet!